 Dungeon Crawl Stone Soup version 0.16-b1 (webtiles) character file.

113 dysrexia the Chopper (level 4, -5/23 HPs)
             Began as a Vine Stalker Chaos Knight on Mar 14, 2015.
             Killed by nerve-wracking pain
             ... invoked by an orc priest
              (11 damage)
             ... on level 4 of the Dungeon.
             The game lasted 00:07:41 (1469 turns).

dysrexia the Chopper (Vine Stalker Chaos Knight)    Turns: 1469, Time: 00:07:41

Health: -5/23      AC:  7    Str: 14    XL:     4   Next: 96%
Magic:  0/5        EV:  9    Int: 12    God:    Xom [...*..]
Gold:   69         SH:  0    Dex: 15    Spells: 0 memorised, 3 levels left

rFire  . . .     SeeInvis .     g - +0 hand axe
rCold  . . .     Clarity  .     i - +1 scale mail
rNeg   . . .     SustAb   .     (no shield)
rPois  .         Gourm    .     (no helmet)
rElec  .         Spirit   +     (no cloak)
rCorr  .         Warding  .     (no gloves)
rMut   .         Stasis   .     (no boots)
MR     .....                    (no amulet)
Stlth  ..........               (no ring)
                                (no ring)

@: not resistant to hostile enchantments, extremely unstealthy
A: fangs 2, regeneration 1, magic shield, antimagic bite, no device heal 3, rot
immunity
a: Renounce Religion


You were on level 4 of the Dungeon.
You worshipped Xom.
You were a favourite toy of Xom.
You were not hungry.

You visited 1 branch of the dungeon, and saw 4 of its levels.

You collected 69 gold pieces.

Inventory:

Hand weapons
 a - a +0 hand axe of chaos
 g - a +0 hand axe (weapon)
Missiles
 h - 17 stones (quivered)
 j - 16 poisoned needles
Armour
 b - a +2 leather armour
 i - a +1 scale mail (worn)
Potions
 d - a potion of beneficial mutation {unknown}
 e - a potion of magic
 k - a potion of ambrosia {unknown}
 l - a potion of invisibility {unknown}
Comestibles
 c - a bread ration
 f - a chunk of flesh


   Skills:
 - Level 2.6 Fighting
 + Level 5.0 Axes
 - Level 1.5 Armour
 - Level 0.7 Dodging


You had 3 spell levels left.
You didn't know any spells.

Dungeon Overview and Level Annotations

Branches:
Dungeon (4/15)
 Temple: D:4-7

Altars:
Gozag
Xom


Innate Abilities, Weirdness & Mutations

You have extremely sharp teeth.
Your natural rate of healing is unusually fast.
When hurt, damage is shared between your health and your magic reserves.
Your bite disrupts and absorbs the magic of your enemies.
Potions and wands cannot restore your health.
You are immune to rotting.


Message History

The orc hits you with a falchion.
You barely miss the orc. You bite the orc. You drain its power.
You feel invigorated.
The orc is severely wounded.
The orc closely misses you.
You closely miss the orc.
The orc is severely wounded.
The orc misses you.
You slash the orc!
You kill the orc!
The orc priest invokes the aid of Beogh against you.
Pain shoots through your body!
* * * LOW HITPOINT WARNING * * *
The orc priest closely misses you.
You closely miss the orc priest. Your bite misses the orc priest.
Your scale mail prevents you from hitting the orc priest.
The orc priest mumbles some strange prayers to Beogh against you.
Pain shoots through your body!
You die...
Xom laughs nastily!

#..#.#...##
#..#.'...'
#..#'#...#
#........#
#........# ..
#........# ...
#...<....####...#
#.o###............
#..@.)............
#.####............
#+ #.......##..
#.......# ##
#.......# .#
#.......# .#
#######'####.#
#.......#
#.......#


You could see an orc priest.

Vanquished Creatures
  A worker ant (D:4)
  5 adders
  4 giant geckos
  4 orcs
  A giant cockroach (D:3)
  3 goblins
  9 hobgoblins
  4 kobolds
  2 quokkas (D:3)
  6 bats
  3 giant newts
  5 rats
47 creatures vanquished.

Notes
Turn   | Place    | Note
--------------------------------------------------------------
     0 | D:1      | dysrexia, the Vine Stalker Chaos Knight, began the quest for the Orb.
     0 | D:1      | Reached XP level 1. HP: 11/11 MP: 1/1
    26 | D:1      | XOM: divination: detect creatures
   125 | D:1      | Reached skill level 3 in Axes
   133 | D:1      | Reached XP level 2. HP: 14/16 MP: 3/3
   294 | D:1      | XOM: mild Necr miscast
   465 | D:2      | XOM: scenery: create altars
   541 | D:2      | Reached XP level 3. HP: 17/19 MP: 4/4
   573 | D:2      | XOM: scenery: 1 doors close
   593 | D:2      | Found an opulent altar of Gozag.
   692 | D:2      | Reached skill level 4 in Axes
  1087 | D:3      | Reached XP level 4. HP: 23/23 MP: 5/5
  1112 | D:3      | XOM: divination: magic mapping
  1126 | D:3      | XOM: harmless Air miscast
  1311 | D:4      | XOM: mild Necr miscast
  1320 | D:4      | XOM: mild Trmt miscast
  1322 | D:4      | XOM: mild Conj miscast
  1437 | D:4      | Reached skill level 5 in Axes
  1453 | D:4      | XOM: scenery: 2 doors open, 1 doors close
  1469 | D:4      | Killed from afar by an orc priest

Action                   |  1- 3 |  4- 6 || total
-------------------------+-------+-------++-------
Melee: Hand axe          |   112 |    44 ||   156
  Use: Scroll            |     5 |       ||     5
 Stab: Paralysed         |     2 |       ||     2
  Eat: Chunk             |       |     2 ||     2
